AoeStats
← Borges

Arena

510182520Analyzed
1v1 RM · 2d ago on Sep 29, 2026· 18m 0s· 2 players
Game mode
Random Map
Map size
Tiny (2 player)
Population
200
Speed
Normal
Resources
Standard
Victory
Conquest
Starting age
Dark Age
Ending age
Imperial Age
RankedLock teamsTeams togetherTeam positionsShared explorationLock speedFull tech treeHidden civsTurbo modeCheats
Victory
Defeat
🇨🇱 Goths · Chile
977
+17
🇲🇽 Vikings · Mexico
992
-17
Borges
10:59 Feudal Age
11:41 Double-Bit Axe
15:52 Castle Age
15:19 Scale Mail Armor
15:38 Stone Mining
15:48 Man-at-Arms
18:19 Fletching
payaso_delicia
10:11 Feudal Age
16:28 Castle Age
Connection lost

Rejoining the realm…

Still unreachable

The connection could not be restored.

Session expired

The server has moved on; the page needs a fresh start.